General information
			
			
        
        - name: BNet
 
        - type: Ladder team game (AT/RT)
 
        - host: Battle.net
 
        - saver: BRAUMS
 
        
map: Goldshire 
        - players: 4
 
        - length: 11:03
 
        - speed: Fast
 - version: 1.22 W3XP
 - replay type:  Public
 
» download(68 KB)
Players
        team 1 (winner) 
              
              
» 
BRAUMS (
yellow | 100 APM | 1111 actions | 11:03)
              
 4 Shadow Hunter 
 2 Hex
 2 Serpent Ward
 1 Tauren Chieftain 
 1 Endurance Aura
 
                » actions 
                
                | Assign group hotkey | 20 |  | 
| Basic commands | 114 |  | 
| Build / train | 33 |  | 
| Enter build submenu | 12 |  | 
| Enter hero's abilities submenu | 6 |  | 
| Right click | 401 |  | 
| Select / deselect | 273 |  | 
| Select group hotkey | 214 |  | 
| Use ability | 38 |  | 
                1111 total
 » units 
                » buildings
                
                | Altar of Storms | 1 |  | 
| Orc Burrow | 5 |  | 
| Barracks | 1 |  | 
| Voodoo Lounge | 1 |  | 
| Stronghold | 1 |  | 
| War Mill | 1 |  | 
| Beastiary | 2 |  | 
                12 total
 » build order
                00:05 Altar of Storms
00:08 Orc Burrow
00:56 Barracks
01:29 Orc Burrow
02:03 Voodoo Lounge
03:47 Orc Burrow
04:07 Stronghold
05:03 War Mill
07:34 Beastiary
08:07 Beastiary
08:39 Orc Burrow
10:19 Orc Burrow
» items
                
                | Healing Salve | 2 |  | 
| Lesser Clarity Potion | 2 |  | 
| Scroll of Speed | 1 |  | 
| Potion of Mana | 1 |  | 
                6 total
  
               
              
              
» 
TIMG4STRok (
green | 106 APM | 1174 actions | 11:02)
              
 3 Archmage 
 2 Summon Water Elemental
 1 Brilliance Aura
 
                » actions 
                
                | Assign group hotkey | 18 |  | 
| Basic commands | 72 |  | 
| Build / train | 45 |  | 
| ESC pressed | 1 |  | 
| Enter build submenu | 27 |  | 
| Enter hero's abilities submenu | 3 |  | 
| Right click | 565 |  | 
| Select / deselect | 149 |  | 
| Select group hotkey | 246 |  | 
| Use ability | 48 |  | 
                1174 total
 » units 
                » upgrades
                » buildings
                
                | Altar of Kings | 1 |  | 
| Barracks | 1 |  | 
| Farm | 5 |  | 
| Scout Tower | 18 |  | 
| Arcane Tower | 1 |  | 
| Lumber Mill | 1 |  | 
| Guard Tower | 4 |  | 
| Keep | 1 |  | 
| Town Hall | 1 |  | 
                33 total
 » build order
                00:06 Altar of Kings
00:16 Barracks
00:27 Farm
01:03 Farm
01:34 Farm
01:45 Scout Tower
02:17 Arcane Tower
02:44 Lumber Mill
03:55 Farm
05:22 Scout Tower
05:22 Scout Tower
05:23 Scout Tower
05:23 Scout Tower
05:23 Scout Tower
05:25 Scout Tower
05:58 Guard Tower
06:06 Scout Tower
06:43 Guard Tower
06:56 Scout Tower
06:56 Scout Tower
06:57 Scout Tower
06:57 Scout Tower
06:57 Scout Tower
07:00 Scout Tower
07:01 Scout Tower
07:01 Scout Tower
07:29 Guard Tower
08:52 Keep
08:58 Town Hall
09:08 Farm
09:12 Scout Tower
09:13 Scout Tower
10:23 Guard Tower
» items
                
                | Lesser Clarity Potion | 1 |  | 
| Healing Salve | 1 |  | 
| Scroll of Speed | 1 |  | 
                3 total
  
               team 2 (loser) 
              
              
volunjaka (
red | 120 APM | 1326 actions | 11:02)
              
 2 Archmage 
 1 Summon Water Elemental
 1 Brilliance Aura
 
                » actions 
                
                | Assign group hotkey | 33 |  | 
| Basic commands | 77 |  | 
| Build / train | 50 |  | 
| Enter build submenu | 20 |  | 
| Enter hero's abilities submenu | 3 |  | 
| Remove unit from queue | 1 |  | 
| Right click | 553 |  | 
| Select / deselect | 230 |  | 
| Select group hotkey | 321 |  | 
| Use ability | 38 |  | 
                1326 total
 » units 
                » upgrades
                » buildings
                
                | Altar of Kings | 1 |  | 
| Barracks | 2 |  | 
| Farm | 4 |  | 
| Lumber Mill | 1 |  | 
| Scout Tower | 6 |  | 
| Town Hall | 1 |  | 
| Guard Tower | 4 |  | 
| Arcane Vault | 1 |  | 
| Blacksmith | 1 |  | 
| Keep | 3 |  | 
| Workshop | 1 |  | 
                25 total
 » build order
                00:08 Altar of Kings
00:18 Barracks
00:24 Farm
01:05 Farm
01:47 Farm
02:04 Lumber Mill
03:09 Scout Tower
03:59 Scout Tower
04:00 Scout Tower
04:01 Scout Tower
04:08 Town Hall
04:15 Guard Tower
04:23 Arcane Vault
04:41 Guard Tower
07:32 Barracks
07:35 Blacksmith
07:58 Keep
07:58 Keep
08:52 Scout Tower
09:15 Scout Tower
09:44 Guard Tower
09:53 Farm
10:18 Guard Tower
10:23 Workshop
» items
                
                | Scroll of Regeneration | 2 |  | 
| Lesser Clarity Potion | 1 |  | 
                3 total
  
               
              
              
xWarx (
teal | 78 APM | 793 actions | 10:06)
              
 3 Keeper of the Grove 
 2 Entangling Roots
 1 Thorns Aura
 1 Warden 
 1 Fan of Knives
 
                » actions 
                
                | Assign group hotkey | 14 |  | 
| Basic commands | 41 |  | 
| Build / train | 31 |  | 
| ESC pressed | 2 |  | 
| Enter build submenu | 10 |  | 
| Enter hero's abilities submenu | 4 |  | 
| Remove unit from queue | 3 |  | 
| Right click | 358 |  | 
| Select / deselect | 165 |  | 
| Select group hotkey | 101 |  | 
| Use ability | 64 |  | 
                793 total
 » units 
                
                | Wisp | 12 |  | 
| Huntress | 7 |  | 
| Glaive Thrower | 1 |  | 
                20 total
 » buildings
                
                | Altar of Elders | 1 |  | 
| Moon Well | 4 |  | 
| Hunter's Hall | 1 |  | 
| Ancient of War | 1 |  | 
| Tree of Ages | 1 |  | 
| Ancient Protector | 1 |  | 
                9 total
 » build order
                00:12 Altar of Elders
00:17 Moon Well
01:19 Hunter's Hall
01:52 Ancient of War
01:57 Moon Well
02:27 Moon Well
03:31 Tree of Ages
03:56 Moon Well
07:35 Ancient Protector
 
                Chat log
          (00:09 / Allies) BRAUMS: SH first
(00:11 / Allies) BRAUMS: tower push?
(00:59 / All) TIMG4STRok: can U hear me major tom.
(01:03 / Allies) BRAUMS: no
(02:48 / All) xWarx: omfg lol
(03:52 / Allies) BRAUMS: lets
(03:55 / Allies) BRAUMS: engage
(04:53 / Allies) BRAUMS: ne
(07:02 / Allies) BRAUMS: strqat is imba
(07:02 / Allies) BRAUMS: rofl;
(09:24 / Allies) BRAUMS: let me salve
(10:03 / All) xWarx: gg
(10:05 / All) TIMG4STRok: gg
(10:06 / All) BRAUMS: "gg"
(10:26 / All) TIMG4STRok: leave please.
(10:31 / Allies) BRAUMS: this strat
(10:31 / Allies) BRAUMS: is imba
(10:36 / Allies) TIMG4STRok: i know
(10:41 / Allies) TIMG4STRok: used to trush all the time
(10:50 / Allies) BRAUMS: sh first
(10:51 / Allies) BRAUMS: is crazy good
(10:54 / Allies) BRAUMS: cause u get a free unit
(10:57 / Allies) BRAUMS: and then wards
(10:58 / Allies) BRAUMS: support u